AoeStats
← Karamazov

Arabia

510809953Analyzed
1v1 RM · 8h ago on Oct 2, 2026· 47m 32s· 2 players
Game mode
Random Map
Map size
Tiny (2 player)
Population
200
Speed
Normal
Resources
Standard
Victory
Conquest
Starting age
Dark Age
Ending age
Imperial Age
RankedLock teamsTeams togetherTeam positionsShared explorationLock speedFull tech treeHidden civsTurbo modeCheats
Victory
Defeat
🇦🇹 Huns · Austria
1312
+17
🇧🇷 Varangians · Brazil
1340
-17
Motz
7:30 Loom
9:59 Feudal Age
15:06 Horse Collar
15:27 Double-Bit Axe
17:25 Bloodlines
23:26 Castle Age
21:24 Gold Mining
21:48 Fletching
24:12 Bodkin Arrow
26:03 Bow Saw
26:35 Husbandry
28:18 Ballistics
31:24 Wheelbarrow
34:57 Imperial Age
33:30 Thumb Ring
34:30 Horse Collar
34:45 Light Cavalry
35:38 Padded Archer Armor
35:44 Bracer
37:08 Hand Cart
38:43 Scale Barding Armor
38:57 Heavy Plow
38:35 Hussar
40:10 Forging
41:26 Chain Barding Armor
42:33 Gold Shaft Mining
44:15 Plate Barding Armor
44:17 Iron Casting
46:06 Two-Man Saw
45:38 Padded Archer Armor
48:27 Conscription
Karamazov
5:37 Loom
8:39 Feudal Age
9:24 Double-Bit Axe
16:25 Bloodlines
23:26 Castle Age
21:24 Horse Collar
23:29 Light Cavalry
25:37 Bow Saw
27:09 Scale Barding Armor
27:50 Husbandry
28:05 Fletching
28:39 Gold Mining
29:11 Chain Barding Armor
30:25 Fletching
31:08 Elite Skirmisher
34:00 Wheelbarrow
34:08 Bodkin Arrow
35:50 Ballistics
35:37 Padded Archer Armor
37:28 Heavy Plow
38:01 Leather Archer Armor
42:36 Imperial Age
43:20 Bracer
Connection lost

Rejoining the realm…

Still unreachable

The connection could not be restored.

Session expired

The server has moved on; the page needs a fresh start.